 Dungeon Crawl Stone Soup version 0.30.1-5-ged363bc7ee (webtiles) character file.

Game seed: 3818375723690871291

182 safid the Chiller (level 5, 0/41 HPs)
             Began as a Merfolk Ice Elementalist on Sept 19, 2023.
             Slain by an orc
             ... wielding a +0 flail
              (4 damage)
             ... on level 4 of the Dungeon.
             The game lasted 00:04:14 (2740 turns).

safid the Chiller (Merfolk Ice Elementalist)        Turns: 2740, Time: 00:04:15

Health: 0/41       AC:  2    Str:  8    XL:     5   Next: 61%
Magic:  10/10      EV: 12    Int: 16    God:
Gold:   79         SH:  0    Dex: 15    Spells: 3/10 levels left

rFire   . . .        d - +0 dagger
rCold   . . .        (no shield)
rNeg    . . .        a - +0 robe
rPois   +            (no helmet)
rElec   .            (no cloak)
rCorr   .            (no gloves)
SInv    .            (no boots)
Will    .....        (no amulet)
Stlth   ++           o - ring of poison resistance
HPRegen 0.26/turn    (no ring)
MPRegen 0.12/turn

%: no passive effects
@: on berserk cooldown, hasted and slowed
A: (nimble swimmer 2), mertail
a: no special abilities


You were on level 4 of the Dungeon.
You visited 1 branch of the dungeon, and saw 4 of its levels.

You collected 79 gold pieces.

Inventory:

Hand Weapons
 d - a +0 dagger (weapon)
Armour
 a - a +0 robe (worn)
 g - a +2 kite shield
Jewellery
 o - a ring of poison resistance (left hand)
Scrolls
 e - 4 scrolls of identify {unknown}
 f - 2 scrolls of fog {unknown}
 h - a scroll of immolation {unknown}
 k - a scroll of brand weapon {unknown}
 l - a scroll of amnesia {unknown}
 m - a scroll of poison {unknown}
Potions
 b - a potion of magic
 c - a potion of haste
 i - a potion of berserk rage
 j - a potion of heal wounds {unknown}
 n - a potion of degeneration {unknown}
 p - a potion of resistance {unknown}


   Skills:
 + Level 3.1 Fighting
 - Level 2.6 Dodging
 - Level 2.1 Stealth
 + Level 3.4 Spellcasting
 + Level 5.4 Ice Magic


You had 3 spell levels left.
You knew the following spells:

 Your Spells              Type           Power      Damage    Failure   Level
a - Freeze                Ice            80%        1d9       1%          1
b - Frozen Ramparts       Ice            40%        1d7       5%          3
c - Ozocubu's Armour      Ice            20%        N/A       5%          3

Your spell library contained the following spells:

 Spells                   Type           Power      Damage    Failure   Level
 Apportation              Tloc           4%         N/A       19%         1
 Summon Ice Beast         Ice/Summ       11%        N/A       50%         4
 Alistair's Intoxication  Tmut/Pois      1%         N/A       99%         5


Dungeon Overview and Level Annotations

Branches:
Dungeon (4/15)
 Temple: D:4-7

Altars:
Elyvilon


Innate Abilities, Weirdness & Mutations

((You are very nimble when in or above water. (Stealth+, EV+, Speed+++)))
Your lower body shifts to a powerful aquatic tail in water.


Message History

A red film seems to cover your vision as you go berserk!
You feel yourself moving faster!
You feel mighty!
Unknown command.
You bump into the rock wall.
You feel a strong urge to attack something.
The orc wizard mumbles some strange words.
The orc wizard flickers and vanishes!
Deactivating autopickup; reactivate with Ctrl-A.
You miss the orc.
The orc priest mumbles some strange prayers to Beogh against you.
Beogh smites you! The orc completely misses you.
You closely miss the orc. You completely miss the orc.
The orc hits you with a +0 flail.
You bump into the rock wall.
The orc barely misses you.
You feel a strong urge to attack something.
You are no longer berserk.
You are exhausted.
You feel yourself slow down.
You're too confused to move!
You feel less confused.
You hit the orc.
The orc is lightly wounded.
The orc barely misses you.
You closely miss the orc.
The orc is lightly wounded.
The orc priest calls down the wrath of Beogh upon you.
Beogh smites you! The orc hits you with a +0 flail.
You hit the orc.
The orc is moderately wounded.
The orc barely misses you.
You hit the orc. Your punch misses the orc.
The orc is heavily wounded.
The orc barely misses you.
You closely miss the orc.
The orc is heavily wounded.
The orc priest calls down the wrath of Beogh upon you.
Beogh smites you!
* * * LOW HITPOINT WARNING * * *
The orc hits you with a +0 flail.
You die...

#.... #... #... #.. # #o. # #o#
### #{# ..# #o# #.#
#@############ #.# #...[........#
#.# ############.#
#.##################...####.#####
..................†.....).>......
#.##################).#####.#####
#.# #..# ### #.# #..# #.# #..#


You could see 2 orc priests and an orc.

Vanquished Creatures
  A scorpion (D:4)
  A jelly (D:3)
  A hound (D:4)
  An adder (D:2)
  A worm (D:3)
  A dart slug (D:4)
  An orc (D:3)
  4 endoplasms
  A giant cockroach (D:2)
  4 goblins
  5 hobgoblins
  8 quokkas
  5 ball pythons
  8 bats
  2 frilled lizards
  3 kobolds
  3 rats
50 creatures vanquished.

Notes
Turn   | Place    | Note
-------+----------+-------------------------------------------
     0 | D:1      | safid the Merfolk Ice Elementalist began the quest for the
                  | Orb.
     0 | D:1      | Reached XP level 1. HP: 13/13 MP: 3/3
   486 | D:1      | Reached XP level 2. HP: 12/20 MP: 5/5
   631 | D:1      | Reached skill level 1 in Fighting
  1119 | D:2      | Reached XP level 3. HP: 26/26 MP: 1/6
  1250 | D:2      | You fall into a shaft and drop 2 floors!
  1324 | D:4      | Found a white marble altar of Elyvilon.
  1431 | D:3      | Reached skill level 5 in Ice Magic
  1431 | D:3      | Reached XP level 4. HP: 22/33 MP: 1/8
  1435 | D:3      | Learned a level 3 spell: Frozen Ramparts
  1439 | D:3      | Learned a level 3 spell: Ozocubu's Armour
  2466 | D:4      | Reached XP level 5. HP: 21/39 MP: 1/9
  2740 | D:4      | Slain by an orc

Illustrated notes

Levels and vault maps discovered:
D:1:      scummos_arrival_simple_fountains, layout_basic
D:2:      layout_rooms, hellmonk_ecumenical_altar_lost_god, uniq_jessica,
          uniq_robin
D:3:      layout_basic
D:4:      layout_basic, mainiacjoe_overflow_tiny_flanked, grunt_ministairs_12,
          nicolae_concentric_dashed_squares_wild

Skill      XL: |  1  2  3  4  5 |
---------------+----------------+-----
Fighting       | 1 2 3 |  3.1
Ice Magic      | 5 |  5.4
Spellcasting   | 3 |  3.4
Dodging        | |  2.6
Stealth        | |  2.1

Action                     |  1- 3 |  4- 6 || total
---------------------------+-------+-------++-------
  Melee: Dagger            |    87 |    73 ||   160
         Unarmed           |     2 |       ||     2
         Punch             |     1 |     2 ||     3
   Cast: Freeze            |    21 |    15 ||    36
         Frozen Ramparts   |       |     4 ||     4
         Ozocubu's Armour  |       |     2 ||     2
    Use: Potion            |       |     2 ||     2
   Stab: Sleeping          |     4 |     5 ||     9
 Armour: Robe              |    27 |    21 ||    48
  Dodge: Dodged            |    82 |    47 ||   129
